 Dungeon Crawl Stone Soup version 0.28.0 (webtiles) character file.

Game seed: 1953765321242204420

66 benadryl the Skirmisher (level 3, -1/33 HPs)
             Began as a Minotaur Abyssal Knight on Feb 13, 2022.
             Was a Follower of Lugonu.
             Slain by an iguana (12 damage)
             ... on level 3 of the Dungeon.
             The game lasted 00:01:17 (1891 turns).

benadryl the Skirmisher (Minotaur Abyssal Knight)   Turns: 1891, Time: 00:01:17

Health: -1/33      AC:  3    Str: 19    XL:     3   Next: 96%
Magic:  3/3        EV: 11    Int:  7    God:    Lugonu [*.....]
Gold:   145        SH:  0    Dex: 10    Spells: 2/2 levels left

rFire   . . .      SeeInvis .   a - +1 hand axe
rCold   . . .      Faith    .   (no shield)
rNeg    . . .      Spirit   .   b - +0 leather armour
rPois   .          Reflect  .   (helmet restricted)
rElec   .          Harm     .   (no cloak)
rCorr   .          Rampage  .   (no gloves)
Will    .....                   (no boots)
Stlth   +.........              (no amulet)
HPRegen 0.11/turn               (no ring)
MPRegen 0.08/turn               (no ring)

@: mighty
A: horns 2, retaliatory headbutt, deterioration 1, MP-powered wands
a: Renounce Religion, Depart the Abyss


You were on level 3 of the Dungeon.
You worshipped Lugonu.
Lugonu was aware of your devotion.
You visited 1 branch of the dungeon, and saw 3 of its levels.
You visited the Abyss 1 time.

You collected 145 gold pieces.

Inventory:

Hand Weapons
 a - a +1 hand axe (weapon)
Missiles
 c - 4 silver javelins
 q - 5 poisoned darts
Armour
 b - a +0 leather armour (worn)
Scrolls
 e - 4 scrolls of identify {unknown}
 j - a scroll of holy word {unknown}
 k - a scroll of vulnerability {unknown}
 n - a scroll of fear {unknown}
 p - a scroll of fog {unknown}
Potions
 f - a potion of mutation
 i - a potion of lignification {unknown}
 l - a potion of heal wounds {unknown}
 m - a potion of degeneration {unknown}
 o - a potion of berserk rage {unknown}


   Skills:
 + Level 4.3 Fighting
 * Level 4.0 Axes
 - Level 2.4 Armour
 - Level 1.1 Dodging
 + Level 2.5 Invocations


You had 2 spell levels left.
You didn't know any spells.
Your spell library contained the following spells:

 Spells                   Type           Power      Damage    Failure   Level
 Blink                    Tloc           0%         N/A       63%         2
 Ensorcelled Hibernation  Hex/Ice        0%         N/A       63%         2
 Passwall                 Tmut/Erth      0%         N/A       63%         2
 Lesser Beckoning         Tloc           0%         N/A       86%         3
 Swiftness                Air            0%         N/A       86%         3
 Manifold Assault         Tloc           0%         N/A       100%        5


Dungeon Overview and Level Annotations

Branches:
Dungeon (3/15)

Altars:


Innate Abilities, Weirdness & Mutations

You have a pair of horns on your head.
You reflexively headbutt those who attack you in melee.
Your body sometimes deteriorates upon taking damage.
You expend magic power (3 MP) to strengthen your wands.


Message History

You closely miss the iguana. The iguana bites you.
You closely miss the iguana.
You headbutt the iguana, but do no damage.
The iguana bites you!
An iguana is nearby!
You are too injured to fight recklessly!
You are too injured to fight recklessly!
You are too injured to fight recklessly!
You are too injured to fight recklessly!
You are too injured to fight recklessly!
An iguana is nearby!
You are too injured to fight recklessly!
You are too injured to fight recklessly!
You are too injured to fight recklessly!
You are too injured to fight recklessly!
You are too injured to fight recklessly!
You hit the iguana.
The iguana is moderately wounded.
The iguana barely misses you.
You hit the iguana but do no damage. Your headbutt misses the iguana.
The iguana is moderately wounded.
The iguana barely misses you.
You hit the iguana but do no damage. Your headbutt misses the iguana.
The iguana is moderately wounded.
The iguana bites you!
It was a potion of mutation.
You feel extremely strange.
You feel your magical essence link to the dungeon's wands.
You feel yourself wasting away. The iguana completely misses you.
There is a stone staircase leading down here.
It was a potion of cancellation.
You feel magically purged. The iguana barely misses you.
It was a potion of curing.
You feel better. The iguana bites you!
It was a potion of might.
You feel very mighty all of a sudden. The iguana closely misses you.
You slash the iguana!
The iguana is severely wounded.
The iguana bites you!
You die...

.....................###
.........†)..........#
.....................#
.........†...........#
.....................#
.....................#
.....................#
...............†.....#
............@.......#
............l(.....###
....
##.....#####......#.+
.... .....
##.....#.#..... ...
#.>...#.#... ##..†.#....
.. #....#..#....
#....#....<.. #.....#


You could see an iguana.

Vanquished Creatures
  An adder (D:2)
  3 worms
  3 ball pythons
  3 giant cockroaches
  4 goblins
  6 hobgoblins
  3 jackals (D:3)
  2 quokkas
  8 bats
  6 frilled lizards
  4 kobolds
  6 rats
49 creatures vanquished.

Notes
Turn   | Place    | Note
-------+----------+-------------------------------------------
     0 | Abyss:1  | benadryl the Minotaur Abyssal Knight began the quest for
                  | the Orb.
     0 | Abyss:1  | Reached XP level 1. HP: 19/19 MP: 1/1
     0 | D:1      | Escaped the Abyss
    70 | D:1      | You fall into a shaft and drop 1 floor!
   338 | D:2      | Reached XP level 2. HP: 27/27 MP: 2/2
   407 | D:2      | Reached * piety under Lugonu
   679 | D:2      | Reached XP level 3. HP: 33/33 MP: 3/3
  1882 | D:3      | Gained mutation: You expend magic power (3 MP) to
                  | strengthen your wands. [potion of mutation]
  1882 | D:3      | Gained mutation: Your body sometimes deteriorates upon
                  | taking damage. [potion of mutation]
  1891 | D:3      | Slain by an iguana

Illustrated notes

Levels and vault maps discovered:
D:1:      dpeg_arrival_line_fractal, layout_basic, minmay_misc_feat_square
D:2:      minmay_inner_zag, layout_rooms
D:3:      layout_basic, grunt_ministairs_1

Skill      XL: |  1  2  3 |
---------------+----------+-----
Invocations    | 2 |  2.5
Axes           | 3 4 |  4.0
Fighting       | 4 |  4.3
Armour         | |  2.4
Dodging        | |  1.1

Action                   || total
-------------------------++-------
Melee: Hand axe          ||   106
       Headbutt          ||    10
       Punch             ||     2
Invok: Depart the Abyss  ||     1
  Use: Potion            ||     4
Armor: Leather armour    ||    32
Dodge: Dodged            ||    77
